3116 views
Uploaded 2019-12-06 21:57:29
Game version 1.32.0.3 / 1.32.0.3.1
21:28 long 3on3 ladder game on (8)Mur'gulOasis_LV
Saved by BEARAND
3116 views
Uploaded 2019-12-06 21:57:29
Game version 1.32.0.3 / 1.32.0.3.1
21:28 long 3on3 ladder game on (8)Mur'gulOasis_LV


/ 1.9k
54 buildings @ 7.7k
/ 2.7k

| Wisp | 15 | 900 | / | 0 |
| Archer | 11 | 1430 | / | 110 |
| Chimaera | 6 | 1980 | / | 420 |
| total: | 32 | 4310g | / | 530w |
| Ancient Protector | 4 | 540 | / | 320 |
| Altar of Elders | 1 | 180 | / | 50 |
| Moon Well | 11 | 1980 | / | 440 |
| Ancient of War | 1 | 150 | / | 60 |
| Hunter's Hall | 1 | 210 | / | 100 |
| Chimaera Roost | 3 | 420 | / | 570 |
| Tree of Ages | 1 | 320 | / | 180 |
| Tree of Eternity | 1 | 330 | / | 200 |
| total: | 21 | 3480g | / | 1540w |
| 0:06 | Altar of Elders |
| 0:09 | Moon Well |
| 0:11 | Wisp |
| 0:11 | Wisp |
| 0:27 | Ancient of War |
| 0:37 | Wisp |
| 0:52 | Wisp |
| 1:12 | Wisp |
| 1:13 | Wisp |
| 1:30 | Archer |
| 1:43 | Moon Well |
| 1:52 | Archer |
| 2:03 | Wisp |
| 2:34 | Archer |
| 2:34 | Archer |
| 3:00 | Archer |
| 3:15 | Tree of Ages |
| 3:39 | Mana Burn |
| 4:09 | Archer |
| 4:14 | Archer |
| 4:52 | Archer |
| 5:37 | Wisp |
| 5:37 | Wisp |
| 5:37 | Wisp |
| 5:59 | Moon Well |
| 6:00 | Moon Well |
| 7:00 | Wisp |
| 7:02 | Archer |
| 7:02 | Archer |
| 7:51 | Wisp |
| 7:52 | Wisp |
| 8:05 | Moon Well |
| 8:06 | Moon Well |
| 8:07 | Moon Well |
| 8:26 | Tree of Eternity |
| 8:56 | Hunter's Hall |
| 9:03 | Archer |
| 11:06 | Chimaera Roost |
| 11:07 | Chimaera Roost |
| 11:50 | Chimaera Roost |
| 12:42 | Ancient Protector |
| 12:43 | Ancient Protector |
| 12:46 | Corrosive Breath |
| 13:15 | Chimaera |
| 13:16 | Chimaera |
| 13:35 | Immolation |
| 13:55 | Ancient Protector |
| 14:04 | Ancient Protector |
| 14:14 | Reinforced Hides |
| 14:38 | Chimaera |
| 14:40 | Chimaera |
| 14:42 | Chimaera |
| 15:05 | Wisp |
| 15:26 | Moon Well |
| 15:28 | Wisp |
| 15:49 | Moon Well |
| 16:21 | Moon Well |
| 16:47 | Moon Well |
| 17:57 | Chimaera |
| Right click | 555 |
| Select | 244 |
| Build/train/purchase | 57 |
| Use ability | 5 |
| Minimap ping | 4 |
| Esc | 1 |

| Wisp | 11 | 660 | / | 0 |
| Archer | 3 | 390 | / | 30 |
| Huntress | 21 | 4095 | / | 420 |
| total: | 35 | 5145g | / | 450w |
| Altar of Elders | 1 | 180 | / | 50 |
| Moon Well | 8 | 1440 | / | 320 |
| Ancient of War | 2 | 300 | / | 120 |
| Hunter's Hall | 1 | 210 | / | 100 |
| Tree of Ages | 1 | 320 | / | 180 |
| total: | 12 | 2130g | / | 590w |
| 0:03 | Wisp |
| 0:03 | Wisp |
| 0:12 | Altar of Elders |
| 0:14 | Moon Well |
| 0:16 | Wisp |
| 0:46 | Wisp |
| 0:46 | Wisp |
| 0:48 | Ancient of War |
| 0:55 | Wisp |
| 1:03 | Wisp |
| 1:16 | Wisp |
| 1:33 | Moon Well |
| 1:36 | Wisp |
| 1:50 | Archer |
| 1:52 | Wisp |
| 2:08 | Hunter's Hall |
| 2:13 | Force of Nature |
| 2:25 | Archer |
| 2:47 | Moon Well |
| 2:49 | Archer |
| 3:27 | Huntress |
| 3:44 | Huntress |
| 3:48 | Strength of the Moon |
| 4:15 | Ancient of War |
| 4:30 | Huntress |
| 4:46 | Moon Well |
| 5:21 | Wisp |
| 5:24 | Huntress |
| 6:25 | Moon Well |
| 6:35 | Entangling Roots |
| 6:41 | Tree of Ages |
| 7:07 | Moon Armor |
| 7:13 | Moon Well |
| 7:24 | Huntress |
| 7:54 | Force of Nature |
| 8:25 | Moon Well |
| 8:30 | Huntress |
| 9:16 | Huntress |
| 9:22 | Moon Well |
| 9:24 | Improved Strength of the Moon |
| 10:30 | Huntress |
| 11:00 | Huntress |
| 11:53 | Huntress |
| 11:54 | Huntress |
| 12:27 | Huntress |
| 13:31 | Huntress |
| 14:16 | Huntress |
| 15:22 | Huntress |
| 15:52 | Huntress |
| 15:53 | Huntress |
| 17:06 | Huntress |
| 17:20 | Improved Moon Armor |
| 17:38 | Huntress |
| 18:01 | Huntress |
| 18:02 | Huntress |
| 19:21 | Entangling Roots |
| Right click | 1034 |
| Select | 338 |
| Build/train/purchase | 52 |
| Minimap ping | 29 |
| Use ability | 26 |
| Misc. action | 14 |
| Assign group | 5 |
| Select group | 2 |

| Peasant | 6 | 450 | / | 0 |
| Footman | 5 | 675 | / | 0 |
| Rifleman | 29 | 5945 | / | 870 |
| Makrura Deepseer | 1 | 500 | / | 100 |
| total: | 41 | 7570g | / | 970w |
| Altar of Kings | 2 | 360 | / | 100 |
| Farm | 16 | 1280 | / | 320 |
| Barracks | 2 | 320 | / | 120 |
| Blacksmith | 1 | 140 | / | 60 |
| Keep | 1 | 320 | / | 210 |
| Castle | 1 | 360 | / | 210 |
| total: | 21 | 2100g | / | 600w |
| 0:03 | Peasant |
| 0:04 | Peasant |
| 0:04 | Peasant |
| 0:05 | Altar of Kings |
| 0:23 | Altar of Kings |
| 0:34 | Farm |
| 0:36 | Barracks |
| 1:10 | Peasant |
| 1:14 | Peasant |
| 1:18 | Peasant |
| 1:31 | Farm |
| 1:32 | Farm |
| 1:34 | Farm |
| 1:39 | Farm |
| 1:42 | Farm |
| 1:44 | Farm |
| 1:46 | Footman |
| 1:46 | Footman |
| 2:04 | Footman |
| 2:05 | Footman |
| 2:22 | Footman |
| 2:42 | Farm |
| 2:44 | Farm |
| 2:46 | Farm |
| 2:54 | Summon Water Elemental |
| 3:14 | Blacksmith |
| 5:30 | Rifleman |
| 5:30 | Rifleman |
| 5:30 | Rifleman |
| 5:30 | Rifleman |
| 5:31 | Rifleman |
| 5:31 | Rifleman |
| 5:31 | Rifleman |
| 6:30 | Blizzard |
| 7:56 | Rifleman |
| 7:56 | Rifleman |
| 7:58 | Keep |
| 7:59 | Black Gunpowder |
| 8:00 | Studded Leather Armor |
| 8:11 | Rifleman |
| 8:11 | Rifleman |
| 8:11 | Rifleman |
| 8:14 | Barracks |
| 9:46 | Farm |
| 9:47 | Farm |
| 9:48 | Farm |
| 9:49 | Farm |
| 9:51 | Farm |
| 9:52 | Farm |
| 10:22 | Refined Gunpowder |
| 10:42 | Makrura Deepseer |
| 12:37 | Rifleman |
| 12:37 | Rifleman |
| 12:38 | Long Rifles |
| 14:31 | Rifleman |
| 14:32 | Rifleman |
| 14:32 | Rifleman |
| 14:45 | Rifleman |
| 14:45 | Rifleman |
| 15:06 | Rifleman |
| 15:30 | Rifleman |
| 15:51 | Reinforced Leather Armor |
| 15:58 | Rifleman |
| 16:45 | Rifleman |
| 16:46 | Rifleman |
| 17:13 | Castle |
| 17:50 | Rifleman |
| 17:50 | Rifleman |
| 19:21 | Brilliance Aura |
| 21:02 | Rifleman |
| 21:02 | Rifleman |
| 21:02 | Rifleman |
| Right click | 411 |
| Select | 256 |
| Select group | 77 |
| Build/train/purchase | 67 |
| Assign group | 18 |
| Use ability | 8 |
| Misc. action | 1 |
| Esc | 1 |
54 units @ 4.9k
/ 0.2k
222 buildings @ 16.4k
/ 9.6k



| Rod of Necromancy | 1 | 150 |
| Ritual Dagger | 1 | 125 |
| Lesser Clarity Potion | 1 | 70 |
| Orb of Corruption | 1 | 375 |
| Boots of Speed | 3 | 750 |
| Staff of Teleportation | 3 | 450 |
| Circlet of Nobility | 2 | 350 |
| Healing Salve | 2 | 200 |
| Orb of Lightning | 2 | 750 |
| total: | 16 | 3220g |
| Acolyte | 13 | 975 | / | 0 |
| Ghoul | 6 | 720 | / | 0 |
| Obsidian Statue | 2 | 400 | / | 70 |
| total: | 21 | 2095g | / | 70w |
| Nerubian Tower | 1 | 100 | / | 20 |
| Altar of Darkness | 2 | 360 | / | 100 |
| Ziggurat | 5 | 750 | / | 250 |
| Tomb of Relics | 2 | 260 | / | 60 |
| Crypt | 1 | 200 | / | 50 |
| Graveyard | 1 | 215 | / | 0 |
| Slaughterhouse | 1 | 140 | / | 135 |
| Halls of the Dead | 1 | 320 | / | 210 |
| Black Citadel | 1 | 325 | / | 230 |
| total: | 12 | 1925g | / | 595w |
| 0:01 | Acolyte |
| 0:04 | Altar of Darkness |
| 0:05 | Ziggurat |
| 0:09 | Altar of Darkness |
| 0:09 | Ziggurat |
| 0:11 | Acolyte |
| 0:22 | Tomb of Relics |
| 1:32 | Crypt |
| 1:43 | Graveyard |
| 2:04 | Ziggurat |
| 2:09 | Death Coil |
| 2:10 | Rod of Necromancy |
| 2:10 | Ritual Dagger |
| 2:33 | Ghoul |
| 2:46 | Ghoul |
| 2:48 | Nerubian Tower |
| 3:03 | Ghoul |
| 3:38 | Ghoul |
| 4:01 | Halls of the Dead |
| 4:20 | Ghoul |
| 4:36 | Boots of Speed |
| 4:43 | Staff of Teleportation |
| 5:27 | Ghoul |
| 5:38 | Lesser Clarity Potion |
| 5:39 | Healing Salve |
| 7:02 | Black Citadel |
| 7:27 | Unholy Aura |
| 7:49 | Slaughterhouse |
| 8:00 | Tomb of Relics |
| 8:03 | Impale |
| 8:48 | Orb of Lightning |
| 9:06 | Healing Salve |
| 9:12 | Ziggurat |
| 11:54 | Boots of Speed |
| 11:54 | Staff of Teleportation |
| 11:55 | Circlet of Nobility |
| 12:02 | Frost Nova |
| 12:15 | Orb of Corruption |
| 12:18 | Orb of Lightning |
| 12:26 | Obsidian Statue |
| 12:27 | Obsidian Statue |
| 13:19 | Spiked Carapace |
| 13:27 | Acolyte |
| 13:58 | Death Coil |
| 14:38 | Frost Armor |
| 15:02 | Acolyte |
| 15:03 | Acolyte |
| 15:03 | Acolyte |
| 15:03 | Acolyte |
| 15:33 | Impale |
| 15:40 | Ziggurat |
| 16:36 | Frost Nova |
| 17:06 | Boots of Speed |
| 17:06 | Staff of Teleportation |
| 17:06 | Circlet of Nobility |
| 17:11 | Acolyte |
| 17:16 | Unholy Aura |
| 17:26 | Acolyte |
| 17:26 | Acolyte |
| 18:26 | Acolyte |
| 18:29 | Acolyte |
| 18:29 | Acolyte |
| 20:02 | Spiked Carapace |
| 21:21 | Death Coil |
| Right click | 1426 |
| Select group | 678 |
| Assign group | 327 |
| Select | 216 |
| Resource trade | 134 |
| Chat | 120 |
| Use ability | 85 |
| Build/train/purchase | 68 |
| Misc. action | 36 |
| Item give/drop | 4 |
| Remove unit | 1 |



x1)
| Staff of Sanctuary | 1 | 250 |
| Staff of Teleportation | 3 | 450 |
| Boots of Speed | 4 | 1000 |
| Tome of Retraining | 1 | 300 |
| Periapt of Vitality | 1 | 325 |
| Circlet of Nobility | 1 | 175 |
| Healing Salve | 1 | 100 |
| Orb of Lightning | 1 | 375 |
| total: | 13 | 2975g |
| Peasant | 14 | 1050 | / | 0 |
| Priest | 3 | 405 | / | 30 |
| total: | 17 | 1455g | / | 30w |
| Scout Tower | 114 | 3420 | / | 2280 |
| Arcane Tower | 5 | 350 | / | 250 |
| Guard Tower | 37 | 2590 | / | 1850 |
| Altar of Kings | 1 | 180 | / | 50 |
| Farm | 8 | 640 | / | 160 |
| Lumber Mill | 1 | 120 | / | 0 |
| Arcane Vault | 3 | 390 | / | 90 |
| Blacksmith | 1 | 140 | / | 60 |
| Barracks | 1 | 160 | / | 60 |
| Arcane Sanctum | 1 | 150 | / | 140 |
| Gryphon Aviary | 1 | 140 | / | 150 |
| Keep | 1 | 320 | / | 210 |
| Castle | 2 | 720 | / | 420 |
| total: | 131 | 5340g | / | 2990w |
| 0:02 | Peasant |
| 0:02 | Peasant |
| 0:11 | Altar of Kings |
| 0:18 | Farm |
| 0:26 | Scout Tower |
| 0:36 | Peasant |
| 0:37 | Peasant |
| 0:42 | Farm |
| 0:47 | Scout Tower |
| 0:49 | Peasant |
| 0:55 | Lumber Mill |
| 1:11 | Peasant |
| 1:13 | Peasant |
| 1:24 | Peasant |
| 1:27 | Peasant |
| 1:33 | Scout Tower |
| 1:34 | Peasant |
| 1:43 | Arcane Tower |
| 1:47 | Scout Tower |
| 1:48 | Scout Tower |
| 2:03 | Guard Tower |
| 2:09 | Scout Tower |
| 2:09 | Peasant |
| 2:12 | Summon Water Elemental |
| 2:25 | Guard Tower |
| 2:28 | Scout Tower |
| 2:36 | Peasant |
| 2:40 | Guard Tower |
| 2:42 | Scout Tower |
| 2:57 | Guard Tower |
| 3:00 | Peasant |
| 3:01 | Peasant |
| 3:12 | Guard Tower |
| 3:42 | Keep |
| 3:44 | Farm |
| 3:44 | Farm |
| 3:45 | Farm |
| 3:47 | Farm |
| 3:48 | Guard Tower |
| 3:49 | Scout Tower |
| 3:50 | Scout Tower |
| 3:50 | Scout Tower |
| 4:00 | Staff of Teleportation |
| 4:06 | Boots of Speed |
| 4:13 | Scout Tower |
| 4:14 | Scout Tower |
| 4:15 | Scout Tower |
| 4:16 | Scout Tower |
| 4:18 | Scout Tower |
| 4:18 | Scout Tower |
| 4:19 | Scout Tower |
| 4:19 | Scout Tower |
| 4:21 | Scout Tower |
| 4:21 | Scout Tower |
| 4:22 | Scout Tower |
| 4:31 | Guard Tower |
| 4:32 | Scout Tower |
| 4:32 | Scout Tower |
| 4:34 | Improved Masonry |
| 4:45 | Guard Tower |
| 5:04 | Guard Tower |
| 5:07 | Guard Tower |
| 5:26 | Scout Tower |
| 5:26 | Scout Tower |
| 5:27 | Scout Tower |
| 5:27 | Scout Tower |
| 5:27 | Scout Tower |
| 5:28 | Scout Tower |
| 5:28 | Scout Tower |
| 5:29 | Scout Tower |
| 5:56 | Arcane Tower |
| 5:56 | Guard Tower |
| 6:43 | Guard Tower |
| 6:47 | Castle |
| 6:50 | Brilliance Aura |
| 6:50 | Brilliance Aura |
| 7:01 | Storm Bolt |
| 7:36 | Arcane Sanctum |
| 7:38 | Guard Tower |
| 7:39 | Guard Tower |
| 8:10 | Boots of Speed |
| 8:37 | Staff of Teleportation |
| 8:50 | Scout Tower |
| 8:51 | Scout Tower |
| 8:52 | Scout Tower |
| 8:52 | Scout Tower |
| 9:11 | Arcane Vault |
| 9:14 | Arcane Vault |
| 9:59 | Magic Sentry |
| 10:05 | Healing Salve |
| 10:15 | Priest |
| 10:45 | Holy Light |
| 11:12 | Bash |
| 12:03 | Guard Tower |
| 12:04 | Scout Tower |
| 12:04 | Scout Tower |
| 12:05 | Scout Tower |
| 12:05 | Scout Tower |
| 12:11 | Arcane Vault |
| 12:12 | Guard Tower |
| 12:15 | Scout Tower |
| 12:15 | Scout Tower |
| 12:16 | Scout Tower |
| 12:16 | Scout Tower |
| 12:33 | Guard Tower |
| 12:35 | Advanced Masonry |
| 12:40 | Farm |
| 12:41 | Farm |
| 13:26 | Arcane Tower |
| 13:27 | Guard Tower |
| 13:30 | Scout Tower |
| 13:31 | Scout Tower |
| 13:31 | Scout Tower |
| 13:32 | Scout Tower |
| 13:32 | Scout Tower |
| 13:32 | Scout Tower |
| 13:33 | Scout Tower |
| 13:34 | Scout Tower |
| 13:35 | Scout Tower |
| 13:35 | Scout Tower |
| 13:36 | Scout Tower |
| 13:36 | Scout Tower |
| 13:53 | Summon Water Elemental |
| 13:54 | Divine Shield |
| 14:41 | Storm Bolt |
| 14:50 | Guard Tower |
| 15:11 | Guard Tower |
| 15:12 | Scout Tower |
| 15:13 | Scout Tower |
| 15:13 | Scout Tower |
| 15:13 | Scout Tower |
| 15:21 | Arcane Tower |
| 15:26 | Priest |
| 15:26 | Priest |
| 15:28 | Priest Adept Training |
| 15:45 | Scout Tower |
| 15:45 | Scout Tower |
| 15:46 | Scout Tower |
| 15:47 | Scout Tower |
| 15:47 | Scout Tower |
| 15:47 | Scout Tower |
| 15:48 | Scout Tower |
| 15:48 | Scout Tower |
| 15:49 | Scout Tower |
| 15:50 | Scout Tower |
| 15:50 | Scout Tower |
| 15:50 | Scout Tower |
| 15:51 | Scout Tower |
| 15:52 | Scout Tower |
| 15:59 | Holy Light |
| 16:22 | Scout Tower |
| 16:23 | Scout Tower |
| 16:23 | Scout Tower |
| 16:24 | Scout Tower |
| 16:24 | Scout Tower |
| 16:25 | Scout Tower |
| 16:26 | Scout Tower |
| 16:27 | Scout Tower |
| 16:28 | Scout Tower |
| 16:28 | Scout Tower |
| 16:29 | Scout Tower |
| 16:30 | Scout Tower |
| 16:34 | Guard Tower |
| 16:36 | Imbued Masonry |
| 16:50 | Guard Tower |
| 16:51 | Guard Tower |
| 17:14 | Brilliance Aura |
| 17:15 | Boots of Speed |
| 17:16 | Staff of Teleportation |
| 17:21 | Boots of Speed |
| 17:24 | Tome of Retraining |
| 17:24 | Retrain Hero |
| 17:25 | Blizzard |
| 17:25 | Brilliance Aura |
| 17:25 | Blizzard |
| 17:25 | Brilliance Aura |
| 17:42 | Periapt of Vitality |
| 17:45 | Circlet of Nobility |
| 17:52 | Guard Tower |
| 18:00 | Scout Tower |
| 18:01 | Scout Tower |
| 18:01 | Scout Tower |
| 18:02 | Scout Tower |
| 18:02 | Scout Tower |
| 18:03 | Scout Tower |
| 18:05 | Gryphon Aviary |
| 18:08 | Staff of Sanctuary |
| 18:19 | Orb of Lightning |
| 18:24 | Guard Tower |
| 18:39 | Guard Tower |
| 18:47 | Scout Tower |
| 18:48 | Scout Tower |
| 18:48 | Scout Tower |
| 18:49 | Scout Tower |
| 18:49 | Scout Tower |
| 18:50 | Scout Tower |
| 18:50 | Scout Tower |
| 18:50 | Scout Tower |
| 18:51 | Scout Tower |
| 18:53 | Scout Tower |
| 18:54 | Scout Tower |
| 18:55 | Scout Tower |
| 18:55 | Scout Tower |
| 18:57 | Arcane Tower |
| 19:02 | Guard Tower |
| 19:10 | Guard Tower |
| 19:12 | Guard Tower |
| 19:12 | Guard Tower |
| 19:17 | Blacksmith |
| 19:19 | Guard Tower |
| 19:26 | Scout Tower |
| 19:26 | Scout Tower |
| 19:27 | Scout Tower |
| 19:28 | Scout Tower |
| 19:28 | Scout Tower |
| 19:56 | Guard Tower |
| 19:59 | Scout Tower |
| 19:59 | Scout Tower |
| 20:00 | Scout Tower |
| 20:00 | Scout Tower |
| 20:08 | Barracks |
| 21:09 | Bash |
| Right click | 1661 |
| Select | 451 |
| Select group | 272 |
| Build/train/purchase | 140 |
| Chat | 48 |
| Use ability | 46 |
| Assign group | 29 |
| Misc. action | 20 |
| Minimap ping | 11 |
| Resource trade | 7 |
| Item give/drop | 5 |



| Healing Salve | 2 | 200 |
| Lesser Clarity Potion | 3 | 210 |
| Orb of Lightning | 3 | 1125 |
| Staff of Teleportation | 3 | 450 |
| Boots of Speed | 3 | 750 |
| Circlet of Nobility | 1 | 175 |
| Staff of Sanctuary | 3 | 750 |
| total: | 18 | 3660g |
| Peon | 14 | 1050 | / | 0 |
| Troll Batrider | 2 | 320 | / | 80 |
| total: | 16 | 1370g | / | 80w |
| Watch Tower | 68 | 7480 | / | 5440 |
| Altar of Storms | 1 | 180 | / | 50 |
| Orc Burrow | 4 | 640 | / | 160 |
| War Mill | 1 | 205 | / | 0 |
| Voodoo Lounge | 3 | 390 | / | 90 |
| Beastiary | 2 | 290 | / | 280 |
| Stronghold | 1 | 315 | / | 190 |
| Fortress | 2 | 650 | / | 380 |
| total: | 79 | 9185g | / | 6020w |
| 0:02 | Peon |
| 0:02 | Peon |
| 0:05 | Altar of Storms |
| 0:08 | Peon |
| 0:18 | Peon |
| 0:21 | Orc Burrow |
| 0:30 | Peon |
| 0:42 | Peon |
| 0:48 | War Mill |
| 0:58 | Peon |
| 1:07 | Voodoo Lounge |
| 1:18 | Peon |
| 1:19 | Peon |
| 1:34 | Peon |
| 1:47 | Orc Burrow |
| 1:54 | Peon |
| 2:08 | Shockwave |
| 2:18 | Peon |
| 2:32 | Peon |
| 2:32 | Peon |
| 2:37 | Stronghold |
| 2:49 | Healing Salve |
| 2:49 | Lesser Clarity Potion |
| 3:04 | Watch Tower |
| 3:09 | Watch Tower |
| 3:10 | Watch Tower |
| 3:13 | Watch Tower |
| 4:18 | Watch Tower |
| 4:19 | Watch Tower |
| 4:27 | Staff of Teleportation |
| 4:27 | Boots of Speed |
| 4:27 | Circlet of Nobility |
| 4:36 | Voodoo Lounge |
| 4:40 | Voodoo Lounge |
| 5:19 | Fortress |
| 5:30 | Endurance Aura |
| 6:01 | Healing Salve |
| 6:01 | Lesser Clarity Potion |
| 6:04 | Hex |
| 6:14 | Watch Tower |
| 6:15 | Watch Tower |
| 6:15 | Watch Tower |
| 6:36 | Staff of Teleportation |
| 6:40 | Boots of Speed |
| 7:45 | Reinforced Defenses |
| 7:51 | Watch Tower |
| 7:51 | Watch Tower |
| 7:52 | Watch Tower |
| 8:11 | Orb of Lightning |
| 8:25 | Orc Burrow |
| 9:15 | Rain of Fire |
| 11:10 | Shockwave |
| 11:45 | Healing Wave |
| 12:30 | Staff of Sanctuary |
| 12:36 | Orb of Lightning |
| 12:52 | Staff of Teleportation |
| 12:52 | Boots of Speed |
| 13:27 | Watch Tower |
| 13:28 | Watch Tower |
| 13:28 | Watch Tower |
| 13:29 | Watch Tower |
| 13:30 | Watch Tower |
| 13:30 | Watch Tower |
| 13:31 | Watch Tower |
| 13:31 | Watch Tower |
| 13:32 | Watch Tower |
| 14:03 | Cleaving Attack |
| 14:43 | Healing Wave |
| 15:05 | Spiked Barricades |
| 15:09 | Watch Tower |
| 15:09 | Watch Tower |
| 15:19 | Endurance Aura |
| 15:41 | Watch Tower |
| 15:41 | Watch Tower |
| 15:42 | Watch Tower |
| 15:42 | Watch Tower |
| 15:43 | Watch Tower |
| 15:43 | Watch Tower |
| 15:45 | Beastiary |
| 15:46 | Beastiary |
| 15:48 | Rain of Fire |
| 16:49 | Watch Tower |
| 16:49 | Watch Tower |
| 16:50 | Watch Tower |
| 16:51 | Watch Tower |
| 16:52 | Watch Tower |
| 16:52 | Watch Tower |
| 16:52 | Watch Tower |
| 16:53 | Watch Tower |
| 16:53 | Watch Tower |
| 17:06 | Orb of Lightning |
| 17:07 | Lesser Clarity Potion |
| 17:14 | Staff of Sanctuary |
| 17:23 | Watch Tower |
| 17:23 | Watch Tower |
| 17:24 | Watch Tower |
| 17:26 | Watch Tower |
| 17:26 | Watch Tower |
| 17:27 | Watch Tower |
| 17:27 | Watch Tower |
| 17:28 | Watch Tower |
| 17:29 | Watch Tower |
| 17:30 | Watch Tower |
| 17:30 | Watch Tower |
| 17:31 | Watch Tower |
| 18:09 | Liquid Fire |
| 18:11 | Steel Ranged Weapons |
| 18:42 | Watch Tower |
| 18:42 | Watch Tower |
| 18:43 | Watch Tower |
| 18:43 | Watch Tower |
| 18:44 | Watch Tower |
| 18:44 | Watch Tower |
| 18:51 | Hex |
| 19:04 | Troll Batrider |
| 19:05 | Troll Batrider |
| 19:26 | Watch Tower |
| 19:27 | Watch Tower |
| 19:28 | Watch Tower |
| 19:29 | Watch Tower |
| 19:29 | Watch Tower |
| 19:30 | Watch Tower |
| 19:30 | Watch Tower |
| 19:32 | Cleaving Attack |
| 19:57 | Watch Tower |
| 19:57 | Watch Tower |
| 19:58 | Watch Tower |
| 19:58 | Watch Tower |
| 20:03 | Orc Burrow |
| 20:11 | Staff of Sanctuary |
| 20:44 | Watch Tower |
| 21:24 | Shockwave |
| Right click | 1582 |
| Select group | 1465 |
| Select | 130 |
| Misc. action | 120 |
| Use ability | 93 |
| Build/train/purchase | 76 |
| Chat | 65 |
| Item give/drop | 18 |
| Assign group | 10 |
| Minimap ping | 9 |
| Esc | 5 |
⇛